 Dungeon Crawl Stone Soup version 0.26-a0-30-g56b8cd3df0 (webtiles) character file.

Game seed: 7961832293982363439, levelgen mode: deterministic

235 Lanoc the Slasher (level 5, -1/41 HPs)
             Began as a Vampire Berserker on May 30, 2020.
             Was a Believer of Trog.
             Succumbed to a scorpion's poison
             ... on level 4 of the Dungeon.
             The game lasted 00:04:11 (685 turns).

Lanoc the Slasher (Vampire Berserker)                Turns: 685, Time: 00:04:12

Health: -1/41      AC:  6    Str: 16    XL:     5   Next: 76%
Magic:  5/5        EV: 12    Int:  9    God:    Trog [**....]
Gold:   63         SH:  0    Dex: 15    Spells: 4/4 levels left

rFire    . . .     SeeInvis +   a - +0 falchion
rCold    . . .     Gourm    .   (no shield)
rNeg     . . .     Faith    .   g - +1 ring mail {MR+}
rPois    .         Spirit   .   (no helmet)
rElec    .         Reflect  .   (no cloak)
rCorr    .         Harm     .   (no gloves)
MR       +....                  (no boots)
Stlth    +.........             (no amulet)
HPRegen  0.33/turn              (no ring)
MPRegen  0.09/turn              (no ring)

@: brilliant, lethally poisoned (-1 -> -9), berserk cooldown, flying,
regenerating quickly, slowed, very slow
A: no food, fangs 3, see invisible, unbreathing
a: Exsanguinate, Berserk, Trog's Hand, Renounce Religion


You were on level 4 of the Dungeon.
You worshipped Trog.
Trog was pleased with you.
You were alive.

You visited 1 branch of the dungeon, and saw 4 of its levels.

You collected 63 gold pieces.

Inventory:

Hand Weapons
 a - a +0 falchion (weapon)
Missiles
 f - 21 sling bullets
Armour
 g - a +1 ring mail of magic resistance (worn)
Scrolls
 b - 2 scrolls of teleportation {unknown}
 h - a scroll of amnesia {unknown}
 i - a scroll of blinking {unknown}
Potions
 d - a potion of haste


   Skills:
 + Level 3.5 Fighting
 * Level 4.7 Long Blades
 + Level 2.6 Armour
 + Level 3.5 Dodging


You had 4 spell levels left.
You didn't know any spells.
Your spell library was empty.

Dungeon Overview and Level Annotations

Branches:
Dungeon (4/15)
 Temple: D:4-7

Altars:
Gozag


Innate Abilities, Weirdness & Mutations

You do not eat.
Your natural rate of healing is unusually fast.
You have razor-sharp teeth.
You have supernaturally acute eyesight. (SInv)
You can survive without breathing.


Message History

You feel sick.
* * * LOW HITPOINT WARNING * * *
You feel sick.
You feel a strong urge to attack something.
* * * LOW HITPOINT WARNING * * *
You feel sick.
You are too berserk!
You are no longer berserk.
You are exhausted.
You feel yourself slow down.
* * * LOW HITPOINT WARNING * * *
You feel sick.
It was a potion of flight.
You feel very buoyant.
You fly up into the air.
* * * LOW HITPOINT WARNING * * *
You feel sick.
It was a potion of brilliance.
You feel clever all of a sudden.
You die...

.....# #...# ..# .....#
#...# ..# .......+.%.# ..#
.....###...#####.# ....##
#...#.....#
########...#.....##########
..............#.........
#####...#....##.........
............@..†.......
...##.##....##......... ##.
#.##....##......... #
#.##....##......... #.
#....##.........
#....##.........
#....##......... #....
#######.##


There were no monsters in sight!

Vanquished Creatures
  An ogre (D:3)
  A scorpion (D:4)
  4 gnolls
  3 adders (D:3)
  An adder skeleton (D:4)
  2 dart slugs
  A leopard gecko (D:1)
  An orc (D:3)
  4 ball pythons
  3 bats
  A giant cockroach (D:1)
  2 goblins (D:2)
  3 hobgoblins
  2 kobolds
  2 frilled lizards (D:1)
  4 rats
35 creatures vanquished.

Notes
Turn   | Place    | Note
-------+----------+-------------------------------------------
     0 | D:1      | Lanoc the Vampire Berserker began the quest for the Orb.
     0 | D:1      | Reached XP level 1. HP: 17/17 MP: 1/1
    75 | D:1      | Reached XP level 2. HP: 5/23 MP: 2/2
   334 | D:2      | Reached XP level 3. HP: 21/28 MP: 3/3
   383 | D:2      | Found an opulent altar of Gozag.
   457 | D:3      | Reached XP level 4. HP: 35/35 MP: 4/4
   461 | D:3      | Reached ** piety under Trog
   557 | D:3      | Reached skill level 4 in Long Blades
   579 | D:3      | Noticed an ogre
   584 | D:3      | Killed an ogre
   584 | D:3      | Reached XP level 5. HP: 41/41 MP: 5/5
   683 | D:4      | HP: 2/41 [poisoned by a scorpion]
   685 | D:4      | Succumbed to a scorpion's poison

Illustrated notes

Levels and vault maps discovered:
D:1:      eino_arrival_cavern_d, layout_basic
D:2:      layout_basic, nicolae_gozag_seed_capital, uniq_terence
D:3:      layout_rooms, grunt_temple_overflow_order_and_chaos_2, first_ration,
          minmay_shallow_snake_nest
D:4:      layout_basic, minmay_temple_entry_large_hall, lemuel_blue_sif_altar

Skill      XL: |  1  2  3  4 |
---------------+-------------+-----
Fighting       | 3 |  3.5
Armour         | 2 |  2.6
Dodging        | 3 |  3.5
Long Blades    | 4 |  4.7

Action                   |  1- 3 |  4- 6 || total
-------------------------+-------+-------++-------
Melee: Falchion          |    42 |    42 ||    84
       Bite              |     6 |     7 ||    13
Invok: Berserk           |     3 |     2 ||     5
  Use: Scroll            |     2 |       ||     2
       Potion            |       |     2 ||     2
Armor: Animal skin       |     7 |     1 ||     8
       Ring mail         |       |     5 ||     5
Dodge: Dodged            |    49 |    26 ||    75
       Rpst.: Falchion   |    15 |     8 ||    23

Table legend:
 A = Non-vault XP
 B = Vault XP
 C = Vault XP percentage of total XP
 D = Non-vault monster count
 E = Vault monster count
 F = Vault count percentage of total count
                 A         B        C        D         E       F
            +---------+---------+-------+---------+---------+-------
      Total |     319 |      18 |   5.3 |      31 |       4 |  11.4
            +---------+---------+-------+---------+---------+-------
        D:1 |      38 |       0 |   0.0 |      13 |       0 |   0.0
        D:2 |      50 |       0 |   0.0 |       7 |       0 |   0.0
        D:3 |     150 |      18 |  10.7 |       8 |       4 |  33.3
        D:4 |      81 |       0 |   0.0 |       3 |       0 |   0.0
            +---------+---------+-------+---------+---------+-------
